 Dungeon Crawl Stone Soup version 0.19.1 (webtiles) character file.

3868 kengeki the Geomancer (level 10, -2/50 HPs)
             Began as a Gargoyle Earth Elementalist on Nov 29, 2016.
             Was a Priest of Vehumet.
             Killed from afar by Azzok's ghost (24 damage)
             ... with a stone arrow
             ... on level 9 of the Dungeon.
             The game lasted 01:37:28 (10014 turns).

kengeki the Geomancer (GrEE)                       Turns: 10014, Time: 01:37:29

Health: -2/50      AC: 13    Str: 17    XL:     10   Next: 19%
Magic:  0/20       EV: 12    Int: 25    God:    Vehumet [***...]
Gold:   248        SH:  0    Dex: 12    Spells: 6 memorised, 9 levels left

rFire  + + .     SeeInvis .     G - staff of fire
rCold  + . .     Gourm    .     t - +1 robe {rC+ rF+}
rNeg   + . .     Faith    .     (no shield)
rPois  ∞         Spirit   .     (no helmet)
rElec  +         Reflect  .     s - +2 cloak
rCorr  .         Harm     .     (no gloves)
MR     .....                    (no boots)
Stlth  ++........               f - amulet of magic regeneration
                                y - +4 ring of intelligence
                                B - ring "Yzuruck" {*Slow Str+4 Int+3 Dex+2}

@: very slightly contaminated, repel missiles, invisible
A: negative energy resistance 1, electricity resistance, unbreathing,
petrification resistance, rot immunity, AC +7
a: Renounce Religion


You were on level 9 of the Dungeon.
You worshipped Vehumet.
Vehumet was most pleased with you.
You were not hungry.

You visited 2 branches of the dungeon, and saw 10 of its levels.

You collected 545 gold pieces.
You spent 297 gold pieces at shops.

Inventory:

Hand Weapons
 a - a +1 dagger of venom
 c - a +2 dagger of holy wrath
Missiles
 b - 122 stones (quivered)
Armour
 s - a +2 cloak (worn)
 t - a +1 robe of resistance (worn)
Magical Staves
 G - an uncursed staff of fire (weapon)
Jewellery
 f - an amulet of magic regeneration (around neck)
 m - an uncursed ring of see invisible
 r - an uncursed ring of resist corrosion
 y - a +4 ring of intelligence (right hand)
 B - the ring "Yzuruck" (left hand) {*Slow Str+4 Int+3 Dex+2}
   (You found it on level 8 of the Dungeon)

   [ring of intelligence]

   It affects your strength (+4).
   It affects your intelligence (+3).
   It affects your dexterity (+2).
   It may slow you when you take damage.
Wands
 l - a wand of polymorph (0/24)
 v - a wand of lightning (13/15)
 z - a wand of confusion (4/48)
 A - a wand of slowing (27/48)
Scrolls
 n - a scroll of teleportation
 q - 3 scrolls of amnesia
Potions
 g - a potion of invisibility
 i - a potion of haste
 j - a potion of ambrosia
 o - a potion of agility
 p - a potion of mutation
 u - 2 potions of might
 D - a potion of brilliance
 E - a potion of cancellation
Books
 e - a book of Geomancy

   Spells                             Type                      Level
   a - Sandblast                      Earth                        1
   b - Passwall                       Transmutation/Earth          2
   c - Stone Arrow                    Conjuration/Earth            3
   d - Petrify                        Transmutation/Earth          4
   e - Lee's Rapid Deconstruction     Earth                        5
 w - a book of Minor Magic

   Spells                             Type                      Level
   a - Magic Dart                     Conjuration                  1
   b - Blink                          Translocation                2
   c - Call Imp                       Summoning                    2
   d - Repel Missiles                 Charms/Air                   2
   e - Slow                           Hexes                        2
   f - Conjure Flame                  Conjuration/Fire             3
   g - Mephitic Cloud                 Conjuration/Poison/Air       3
 x - a book of Changes

   Spells                             Type                      Level
   a - Beastly Appendage              Transmutation                1
   b - Sticks to Snakes               Transmutation                2
   c - Spider Form                    Transmutation/Poison         3
   d - Ice Form                       Ice/Transmutation            4
   e - Blade Hands                    Transmutation                5
 F - a book of Cantrips

   Spells                             Type                      Level
   a - Confusing Touch                Hexes                        1
   b - Animate Skeleton               Necromancy                   1
   c - Summon Small Mammal            Summoning                    1
   d - Apportation                    Translocation                1
Comestibles
 d - 5 bread rations
 h - 3 meat rations
 C - 8 chunks of flesh


   Skills:
 - Level 1.5 Dodging
 - Level 2.1 Stealth
 - Level 7.1 Spellcasting
 * Level 7.4 Conjurations
 - Level 3.0 Charms
 - Level 4.0 Translocations
   Level 0.7 Transmutations
 - Level 3.0 Air Magic
 + Level 9.4 Earth Magic


You had 9 spell levels left.
You knew the following spells:

 Your Spells              Type           Power        Failure   Level  Hunger
a - Apportation           Tloc           ####......   1%          1    None
b - Blink                 Tloc           N/A          1%          2    None
m - Repel Missiles        Chrm/Air       ###...       3%          2    None
n - Sandblast             Erth           ######       1%          1    None
o - Lee's Rapid Deconstr  Erth           ######....   1%          5    #####..
s - Stone Arrow           Conj/Erth      ######       1%          3    None


Dungeon Overview and Level Annotations

Branches:
Dungeon (9/15)             Temple (1/1) D:6
   Lair: D:8-11         Orc: D:9-12

Altars:
Ashenzari
Cheibriados
Dithmenos
Elyvilon
Fedhas
Gozag
Hepliaklqana
Kikubaaqudgha
Makhleb
Nemelex Xobeh
Okawaru
Qazlal
Ru
Sif Muna
Trog
Uskayaw
Vehumet
Xom
Yredelemnul
Zin
The Shining One

Shops:
D:5 =   D:6 *

Annotations:
D:7 Azzok's ghost, novice GrFi
D:9 Azzok's ghost, novice GrEE


Innate Abilities, Weirdness & Mutations

You are resistant to torment.
Your stone body is resilient. (AC +7)
You are immune to poison.
You resist negative energy. (rN+)
You are resistant to electric shocks. (rElec)
You can survive without breathing.
You are immune to petrification.
You are immune to rotting.


Message History

Azzok's ghost hits you! Azzok's ghost freezes you.
Casting: Stone Arrow
Confirm with . or Enter, or press ? or * to list all spells.
Aiming: Stone Arrow
Press: ? - help, Shift-Dir - straight line, f/p - Azzok's ghost
Aim: Azzok's ghost, wielding a weapon of freezing (severely damaged)
The stone arrow hits Azzok's ghost.
Azzok's ghost is almost destroyed.
Azzok's ghost hits you but does no damage.
Casting: Stone Arrow
Confirm with . or Enter, or press ? or * to list all spells.
Aiming: Sandblast
Press: ? - help, Shift-Dir - straight line, f/p - Azzok's ghost
Aim: Azzok's ghost, wielding a weapon of freezing (almost destroyed)
The blast of sand misses Azzok's ghost.
Azzok's ghost misses you.
As you read the scroll of remove curse, it crumbles to dust.
You feel as if something is helping you.
Azzok's ghost points at you and mumbles some strange words.
The stone arrow hits you!
You die...

#.......#
####......[..
#.......# #........#
###'##### #.....#.##
#...## #######.#
###..# #. #.# ###.####
##'##)# #......#
#...###
#......#######....#
###...@W.##....'....#
.............####....#
.###......####
#....### #..)...#
#...)[.. #......#
#.>..### #......#
#....# # #......#
##'### ###.#### #.#
#.# ##.#


You could see Azzok's ghost.

Vanquished Creatures
  A yak (D:9)
  5 ice beasts
  A phantom (D:8)
  A hornet zombie (D:7)
  3 ogres
  2 orc warriors
  A necrophage (D:5)
  2 centaurs (D:8)
  A crocodile (D:9)
  A big kobold (D:5)
  5 bullfrogs
  6 killer bees
  4 scorpions
  4 crimson imps
  2 centaur zombies (D:5)
  A bullfrog zombie (D:9)
  5 orc priests
  3 jellies
  A gnoll shaman (D:8)
  4 hounds
  2 iguanas (D:4)
  Ijyb (D:3)
  Terence (D:2)
  5 orc wizards
  9 worker ants
  A killer bee zombie (D:6)
  A hound zombie (D:5)
  A worker ant zombie (D:9)
  A howler monkey zombie (D:9)
  11 adders
  8 gnolls
  A shadow imp (D:5)
  An adder zombie (D:4)
  An adder skeleton (D:5)
  2 worms
  4 leopard geckos
  35 orcs
  3 ball pythons
  3 giant cockroaches
  7 goblins
  4 hobgoblins
  12 jackals
  6 quokkas
  7 bats
  9 frilled lizards
  A jackal skeleton (D:7)
  9 kobolds
  11 rats
210 creatures vanquished.

Vanquished Creatures (others)
  22 fungi (D:9)
  6 plants (D:9)
28 creatures vanquished.

Grand Total: 238 creatures vanquished

Notes
Turn   | Place    | Note
-------+----------+-------------------------------------------
     0 | D:1      | kengeki the Gargoyle Earth Elementalist began the quest for the Orb.
     0 | D:1      | Reached XP level 1. HP: 10/10 MP: 3/3
   221 | D:1      | Reached XP level 2. HP: 15/15 MP: 0/5
   313 | D:2      | Reached skill level 4 in Earth Magic
   415 | D:2      | Reached XP level 3. HP: 19/19 MP: 4/7
   420 | D:2      | Learned a level 3 spell: Stone Arrow
   549 | D:2      | Noticed Terence
   647 | D:2      | Killed Terence
   782 | D:2      | Reached XP level 4. HP: 24/24 MP: 4/8
   861 | D:3      | Noticed Ijyb
  1030 | D:3      | Killed Ijyb
  1030 | D:3      | Reached skill level 5 in Earth Magic
  1030 | D:3      | Reached XP level 5. HP: 21/28 MP: 2/10
  1501 | D:4      | Reached XP level 6. HP: 27/32 MP: 4/12
  1925 | D:4      | Reached skill level 5 in Spellcasting
  2329 | D:5      | Entered Level 5 of the Dungeon
  2356 | D:5      | Noticed a necrophage
  2381 | D:5      | Killed a necrophage
  2381 | D:5      | Reached skill level 6 in Earth Magic
  2381 | D:5      | Reached XP level 7. HP: 36/36 MP: 1/15
  2730 | D:5      | Noticed Sigmund
  3028 | D:5      | Found Qaci's Jewellery Boutique.
  3454 | D:5      | Reached skill level 7 in Earth Magic
  3454 | D:5      | Reached XP level 8. HP: 41/41 MP: 7/18
  3466 | D:5      | Noticed Sigmund
  3466 | D:5      | Sigmund changed into Sigmund the adder
  3467 | D:5      | Killed Sigmund the adder
  3894 | D:3      | Learned a level 2 spell: Blink
  3897 | D:3      | Learned a level 2 spell: Repel Missiles
  3903 | D:3      | Learned a level 5 spell: Lee's Rapid Deconstruction
  5309 | D:5      | Bought a +4 ring of intelligence for 297 gold pieces
  5391 | D:6      | Found Gozag's Platinum Reserve.
  5402 | D:6      | Found an opulent altar of Gozag.
  5405 | D:6      | Reached skill level 1 in Conjurations
  5462 | D:6      | Found a sparkling altar of Nemelex Xobeh.
  5501 | D:6      | Found a staircase to the Ecumenical Temple.
  5524 | Temple   | Entered the Ecumenical Temple
  5554 | Temple   | Became a worshipper of Vehumet
  5606 | D:6      | Reached skill level 1 in Charms
  5921 | D:7      | Noticed Azzok's ghost (novice GrFi)
  6008 | D:6      | Reached skill level 1 in Translocations
  6374 | D:6      | Reached skill level 1 in Air Magic
  7094 | D:7      | Reached XP level 9. HP: 45/45 MP: 15/19
  7283 | D:7      | Reached * piety under Vehumet
  7283 | D:7      | Offered knowledge of Freeze by Vehumet.
  7573 | D:7      | Reached skill level 8 in Earth Magic
  7931 | D:8      | Got an ancient glass ring
  7933 | D:8      | Identified the ring "Yzuruck" {*Slow Str+4 Int+3 Dex+2} (You found it on level 8 of the Dungeon)
  7961 | D:8      | Reached skill level 5 in Conjurations
  8277 | D:8      | Learned a level 1 spell: Apportation
  8917 | D:9      | Noticed Azzok's ghost (novice GrEE)
  9032 | D:9      | Reached ** piety under Vehumet
  9036 | D:9      | Offered knowledge of Searing Ray by Vehumet.
  9575 | D:9      | Reached skill level 9 in Earth Magic
  9575 | D:9      | Reached XP level 10. HP: 50/50 MP: 18/20
  9579 | D:9      | Offered knowledge of Static Discharge by Vehumet.
  9985 | D:9      | Reached *** piety under Vehumet
 10014 | D:9      | Killed from afar by Azzok's ghost

Skill      XL: |  1  2  3  4  5  6  7  8  9 10 |
---------------+-------------------------------+-----
Earth Magic    | 4 5 6 7 9 |  9.4
Spellcasting   | 3 4 5 6 7 |  7.1
Conjurations   | 2 6 7 |  7.4
Charms         | 2 3 |  3.0
Translocations | 2 4 |  4.0
Air Magic      | 1 3 |  3.0
Dodging        | |  1.5
Stealth        | |  2.1
Transmutations | |  0.7

Action                   |  1- 3 |  4- 6 |  7- 9 | 10-12 || total
-------------------------+-------+-------+-------+-------++-------
Melee: Unarmed           |       |     2 |       |       ||     2
       Dagger            |       |       |    19 |       ||    19
       Short sword       |       |       |     9 |       ||     9
       Staff             |       |       |       |     1 ||     1
 Cast: Sandblast         |    34 |    73 |   131 |     1 ||   239
       Stone Arrow       |     4 |    15 |   154 |    29 ||   202
       Blink             |       |       |     6 |       ||     6
       Repel Missiles    |       |       |     3 |       ||     3
       Lee's Rapid Decon |       |       |     9 |     8 ||    17
Evoke: Wand              |       |       |     2 |       ||     2
  Use: Scroll            |     4 |     5 |    10 |     1 ||    20
       Potion            |       |     4 |     2 |     1 ||     7
 Stab: Sleeping          |       |       |     1 |       ||     1
  Eat: Chunk             |       |     6 |    21 |     3 ||    30
       Royal jelly       |       |       |     1 |       ||     1
       Pizza             |       |       |     1 |       ||     1
       Beef jerky        |       |       |     1 |       ||     1
Armor: Robe              |     7 |    24 |    63 |     3 ||    97
Dodge: Dodged            |    13 |    27 |   128 |    10 ||   178
       Deflected         |       |       |     3 |       ||     3
